[Event "Titled Tuesday Blitz July 13 2021"]
[White "Erdogdu, Mert"]
[Black "Sonis, Francesco"]
[WhiteFideId "6301495"]
[BlackFideId "895733"]
[WhiteElo "2485"]
[BlackElo "2373"]
[Result "0-1"]
[Round "09"]
[TimeControl "180+1"]
[Date "2021.07.13"]
[WhiteClock "0:00:08"]
[BlackClock "0:00:10"]

1. e4 c6 2. d4 d5 3. exd5 cxd5 4. c4 Nf6 5. Nc3 g6 6. cxd5 Bg7 7. Qb3 O-O 8. Nge2 Nbd7 9. Nf4 Nb6 10. g3 a5 11. a4 g5 12. Nfe2 h6 13. h4 g4 14. Nf4 Bf5 15. Bg2 Qd6 16. O-O Rfd8 17. Re1 Rd7 18. Qb5 Qb4 19. Re5 Bc2 20. Be3 Ne8 21. Ne4 Qxb5 22. axb5 Bxe5 23. dxe5 Nxd5 24. Nc5 Nxe3 25. Nxd7 Nxg2 26. Nxg2 Nc7 27. Nc5 Nxb5 28. Nxb7 a4 29. Ne3 Be4 30. Nc5 Bf3 31. Rxa4 Rc8 32. b4 Nc3 33. Ra7 e6 34. h5 Rd8 35. Rd7 Ra8 36. Nb3 Ra3 37. Nd2 Ra1+ 38. Ndf1 Nd5 39. b5 Nxe3 40. fxe3 Rb1 41. Kf2 Rb2+ 42. Rd2 Rxb5 43. Rd8+ Kg7 44. Nd2 Rxe5 45. Nc4 Rxh5 46. Nd6 Rh2+ 47. Ke1 Re2+ 48. Kf1 Rxe3 49. Rd7 Kg6 50. Nxf7 Re4 51. Kf2 Re2+ 52. Kf1 e5 53. Nh8+ Kf5 54. Rf7+ Ke6 55. Rf8 e4 56. Ng6 Ra2 57. Nf4+ Ke7 58. Ng6+ Kd7 59. Rf7+ Ke6 60. Rf8 e3 61. Re8+ Kf6 62. Rxe3 Kxg6 63. Re5 Rg2 64. Rc5 Rxg3 65. Kf2 Rg2+ 66. Ke3 h5 67. Kf4 h4 68. Rg5+ Kf6 69. Rh5 h3 70. Rh6+ Ke7 71. Kg5 h2 72. Rh7+ Ke6 73. Kf4 Ra2 0-1


[Site "https://www.chess.com"]

[Event "Titled Tuesday Blitz July 13 2021"]
[White "Filippova, Margarita"]
[Black "Sharapov, Evgeny"]
[WhiteFideId "34199680"]
[BlackFideId "14103133"]
[WhiteElo "1829"]
[BlackElo "2367"]
[Result "0-1"]
[Round "09"]
[TimeControl "180+1"]
[Date "2021.07.13"]
[WhiteClock "0:00:58"]
[BlackClock "0:01:10"]

1. Nf3 c5 2. c4 Nc6 3. Nc3 e5 4. e4 g6 5. Nd5 Bg7 6. d3 Nge7 7. Bg5 O-O 8. Qd2 f6 9. Bh6 d6 10. Bxg7 Kxg7 11. Be2 Bg4 12. O-O Bxf3 13. Bxf3 Nxd5 14. cxd5 Nd4 15. Bd1 f5 16. f4 Qe7 17. fxe5 Qxe5 18. Qf4 Qxf4 19. Rxf4 fxe4 20. Rxf8 Rxf8 21. dxe4 Kf6 22. Bf3 Ke5 23. Kf2 b5 24. Rc1 a5 25. Ke3 a4 26. h3 Rf7 27. Rd1 h5 28. Rc1 Re7 29. Rc3 b4 30. Rc1 Ra7 31. Bd1 a3 32. b3 Nb5 33. Bc2 Rf7 34. Bd3 Nc3 35. Rc2 h4 36. Rd2 Rf4 37. Rc2 g5 38. Rd2 Nxe4 39. Re2 Nc3 40. Rc2 Nxd5+ 0-1


[Site "https://www.chess.com"]

[Event "Titled Tuesday Blitz July 13 2021"]
[White "Garcia, Gabriel Gonzaga"]
[Black "Julianos82"]
[WhiteFideId "2138956"]
[WhiteElo "2240"]
[BlackElo "2356"]
[Result "1-0"]
[Round "09"]
[TimeControl "180+1"]
[Date "2021.07.13"]
[WhiteClock "0:01:37"]
[BlackClock "0:00:46"]

1. e4 c5 2. Nf3 b6 3. d4 cxd4 4. Nxd4 Bb7 5. Nc3 a6 6. g3 e6 7. Bg2 Nf6 8. O-O Bc5 9. e5 Bxg2 10. Kxg2 Nd5 11. Nxd5 exd5 12. Nf5 O-O 13. Bh6 g6 14. Qxd5 Nc6 15. Bxf8 Qxf8 16. Nd6 Kg7 17. f4 Bxd6 18. Qxd6 Qxd6 19. exd6 Re8 20. Rfe1 Rxe1 21. Rxe1 Kf6 22. Re8 a5 23. c3 h5 24. Kf3 a4 25. Ke4 h4 26. gxh4 b5 27. a3 1-0


[Site "https://www.chess.com"]

[Event "Titled Tuesday Blitz July 13 2021"]
[White "Gogolev, Artem"]
[Black "Solon, Nathan"]
[WhiteFideId "4116615"]
[BlackFideId "2017229"]
[WhiteElo "2191"]
[BlackElo "2640"]
[Result "0-1"]
[Round "09"]
[TimeControl "180+1"]
[Date "2021.07.13"]
[WhiteClock "0:01:55"]
[BlackClock "0:01:50"]

1. d4 Nf6 2. c4 e6 3. g3 d5 4. Bg2 dxc4 5. Nf3 a6 6. O-O Nc6 7. e3 Rb8 8. Qe2 b5 9. a4 Be7 10. axb5 axb5 11. b3 cxb3 12. Nbd2 O-O 13. Nxb3 Bb7 14. Bb2 Nb4 15. Rfc1 Be4 16. Ne5 Bxg2 17. Kxg2 Qd5+ 0-1


[Site "https://www.chess.com"]

[Event "Titled Tuesday Blitz July 13 2021"]
[White "Golubev, Mikhail"]
[Black "Tronenkovs, Valdis"]
[WhiteFideId "14100983"]
[BlackFideId "11601558"]
[WhiteElo "2374"]
[BlackElo "2232"]
[Result "0-1"]
[Round "09"]
[TimeControl "180+1"]
[Date "2021.07.13"]
[WhiteClock "0:00:05"]
[BlackClock "0:00:06"]

1. e4 c5 2. Nf3 Nc6 3. Nc3 g6 4. d4 cxd4 5. Nxd4 Bg7 6. Be3 Nf6 7. Bc4 O-O 8. Bb3 d5 9. exd5 Na5 10. Qf3 Bg4 11. Qg3 Nxb3 12. axb3 Bh5 13. d6 Ng4 14. O-O-O Nxe3 15. Qxe3 Qa5 16. dxe7 Rfe8 17. f3 Bf6 18. Kb1 Rxe7 19. Ne4 Bg7 20. g4 Bxg4 21. fxg4 Rae8 22. Qc3 Qd5 23. Ng3 Rd8 24. Nge2 Rxe2 25. Nxe2 Qxd1+ 26. Rxd1 Rxd1+ 27. Ka2 Bxc3 28. Nxc3 Rh1 29. Nd5 Rxh2 30. c4 h5 31. gxh5 gxh5 32. c5 h4 33. b4 h3 34. b5 Rd2 35. Nf6+ Kg7 36. Ne4 Rd4 37. Nd6 h2 38. Nf5+ Kf8 39. Nxd4 h1=Q 40. Kb3 Qd5+ 41. Kc3 Qxc5+ 42. Kd3 Qxd4+ 43. Kxd4 Ke7 0-1


[Site "https://www.chess.com"]

[Event "Titled Tuesday Blitz July 13 2021"]
[White "Holt, Conrad"]
[Black "Chigaev, Maksim"]
[WhiteFideId "2034387"]
[BlackFideId "4108116"]
[WhiteElo "2856"]
[BlackElo "2907"]
[Result "1-0"]
[Round "09"]
[TimeControl "180+1"]
[Date "2021.07.13"]
[WhiteClock "0:01:14"]
[BlackClock "0:00:02"]

1. d4 Nf6 2. c4 g6 3. Nc3 Bg7 4. e4 d6 5. Nf3 O-O 6. h3 Qe8 7. Bd3 Na6 8. O-O c6 9. Re1 e5 10. Bg5 Nh5 11. Bf1 h6 12. Be3 Nc7 13. Qd2 Kh7 14. Rad1 f5 15. dxe5 dxe5 16. Bc5 Rf7 17. exf5 Bxf5 18. Qe3 e4 19. Nxe4 Qxe4 20. Qxe4 Bxe4 21. Rxe4 Bxb2 22. Ne5 Bxe5 23. Rxe5 Na6 24. Be3 Nf6 25. Re6 Nc7 26. Red6 Nfe8 27. Rd7 Kg8 28. Bxh6 Nf6 29. Rd8+ Rxd8 30. Rxd8+ Kh7 31. Be3 a6 32. Bd3 Ne6 33. Rd6 Re7 34. Bc2 Kg7 35. g4 Kf7 36. Kg2 Ne8 37. Rd1 g5 38. Kg3 N8g7 39. c5 Nc7 40. Bxg5 1-0


[Site "https://www.chess.com"]

[Event "Titled Tuesday Blitz July 13 2021"]
[White "Horton, Andrew P"]
[Black "FGHSMN"]
[WhiteFideId "424269"]
[WhiteElo "2401"]
[BlackElo "2510"]
[Result "0-1"]
[Round "09"]
[TimeControl "180+1"]
[Date "2021.07.13"]
[WhiteClock "0:00:03"]
[BlackClock "0:01:48"]

1. e4 c5 2. Nf3 Nc6 3. g3 Nf6 4. d3 g6 5. Bg2 Bg7 6. O-O d6 7. a4 O-O 8. Re1 e5 9. Bg5 h6 10. Bxf6 Bxf6 11. Nc3 Bg7 12. Nd2 Be6 13. Nf1 Ne7 14. Ne3 Qd7 15. Ned5 Rab8 16. Nxe7+ Qxe7 17. a5 Kh7 18. Qd2 f5 19. exf5 gxf5 20. Bd5 f4 21. Bxe6 Qxe6 22. Qe2 f3 23. Qf1 d5 24. Na4 Rbc8 25. c4 dxc4 26. dxc4 e4 27. Rad1 Bd4 28. Nc3 e3 29. Qd3+ Kh8 30. Rxe3 Bxe3 31. Qxe3 Qh3 32. Qe5+ Kg8 33. Qd5+ Rf7 0-1


[Site "https://www.chess.com"]

[Event "Titled Tuesday Blitz July 13 2021"]
[White "Howell, David W L"]
[Black "Shevchenko, Kirill"]
[WhiteFideId "410608"]
[BlackFideId "14129574"]
[WhiteElo "3010"]
[BlackElo "2883"]
[Result "1-0"]
[Round "09"]
[TimeControl "180+1"]
[Date "2021.07.13"]
[WhiteClock "0:00:42"]
[BlackClock "0:00:01"]

1. e4 c5 2. Nc3 Nc6 3. f4 g6 4. Nf3 Bg7 5. a3 e6 6. b4 cxb4 7. axb4 Nxb4 8. Ba3 Bf8 9. e5 d5 10. Qb1 Nc6 11. Nb5 Bxa3 12. Rxa3 Nge7 13. Nd6+ Kf8 14. Ng5 Nf5 15. Ngxf7 Qe7 16. Nxh8 Nxd6 17. exd6 Qxd6 18. Qb2 Kg8 19. Bb5 Ne7 20. O-O d4 21. Nxg6 hxg6 22. Bc4 b5 23. Ba2 Bb7 24. Re1 Bd5 25. Rg3 Bxa2 26. Qxa2 Kf7 27. Re5 Rc8 28. h3 Nf5 29. Rxg6 d3 30. c3 Qb6+ 31. Kh2 Rc4 32. Rgxe6 Qxe6 33. Rxe6 Kxe6 34. Qa6+ Nd6 35. Qxa7 Re4 36. Qf2 Re2 37. Qf3 Nc4 38. Qxd3 Rxd2 39. Qg6+ Ke7 40. Qg5+ Kf8 41. Qxb5 Ne3 42. Qc5+ 1-0


[Site "https://www.chess.com"]

[Event "Titled Tuesday Blitz July 13 2021"]
[White "Hryshchenko, Kamila"]
[Black "Tologon tegin, Semetei"]
[WhiteFideId "14147491"]
[BlackFideId "13800574"]
[WhiteElo "1966"]
[BlackElo "2224"]
[Result "0-1"]
[Round "09"]
[TimeControl "180+1"]
[Date "2021.07.13"]
[WhiteClock "0:00:11"]
[BlackClock "0:00:10"]

1. e4 c5 2. Nf3 d6 3. Bb5+ Nd7 4. Bd3 Ngf6 5. c3 g6 6. O-O Bg7 7. Bc2 O-O 8. d4 e5 9. d5 a6 10. a4 Rb8 11. a5 Nh5 12. Nbd2 Nf4 13. Nc4 Nf6 14. Nxd6 Qxd6 15. Bxf4 exf4 16. e5 Qxd5 17. exf6 Qxd1 18. Rfxd1 Bxf6 19. Rd5 Be7 20. Re5 Bd6 21. Rd5 Be7 22. Re5 Be6 23. Re4 Bd6 24. Ng5 Bf5 25. Re2 Bxc2 26. Rxc2 Rbd8 27. Ne4 Be7 28. Kf1 Rd5 29. Ra4 Rfd8 30. Ke2 f5 31. Nd2 g5 32. Nf3 h6 33. h3 Kf7 34. Rc4 Ke6 35. b4 cxb4 36. cxb4 R8d7 37. Nd2 Rb5 38. Rb2 Bf6 39. Rb3 Rbd5 40. Rc2 g4 41. hxg4 fxg4 42. Ne4 Be7 43. f3 h5 44. Rc1 Rb5 45. Rc4 Kf5 46. Nc3 Re5+ 47. Re4 gxf3+ 48. gxf3 Bf6 49. b5 axb5 50. Rxe5+ Bxe5 51. Rxb5 Ke6 52. Ne4 Rc7 53. Nc5+ Kf6 54. Nxb7 Rc2+ 55. Kd3 Rc3+ 56. Ke4 Re3+ 57. Kd5 Rxf3 58. Nc5 Re3 59. a6 f3 60. Rb2 Bxb2 61. Ne4+ Rxe4 62. Kxe4 f2 63. a7 f1=Q 64. a8=Q Qh1+ 0-1


[Site "https://www.chess.com"]

[Event "Titled Tuesday Blitz July 13 2021"]
[White "Jarovinsky, Alexey"]
[Black "Zubov, Alexander"]
[WhiteFideId "14115131"]
[BlackFideId "14109409"]
[WhiteElo "2726"]
[BlackElo "3007"]
[Result "1-0"]
[Round "09"]
[TimeControl "180+1"]
[Date "2021.07.13"]
[WhiteClock "0:00:03"]
[BlackClock "0:00:08"]

1. Nc3 c5 2. e4 e6 3. g3 d5 4. Bg2 d4 5. Nce2 e5 6. d3 Nc6 7. f4 Bd6 8. Nf3 Nge7 9. O-O exf4 10. gxf4 f5 11. e5 Bc7 12. c4 dxc3 13. bxc3 O-O 14. Be3 b6 15. c4 Na5 16. Rc1 Bb7 17. d4 cxd4 18. Nexd4 Qc8 19. Ng5 Bxg2 20. Kxg2 Qb7+ 21. Qf3 Qxf3+ 22. Kxf3 Rfc8 23. Nge6 Kf7 24. h4 Bb8 25. Rg1 g6 26. h5 Nxc4 27. hxg6+ hxg6 28. Rh1 Kg8 29. Rh2 Nxe5+ 30. fxe5 Rxc1 31. Bxc1 Bxe5 32. Bf4 Bf6 33. Bg5 Bxg5 34. Nxg5 Rd8 35. Nde6 Rd3+ 36. Kf4 Nc6 37. Rh6 Ne7 38. Rh7 Nc6 39. Rg7+ Kh8 40. Nf7# 1-0


[Site "https://www.chess.com"]

[Event "Titled Tuesday Blitz July 13 2021"]
[White "Kavyev, Ruslan"]
[Black "Gabrielian, Artur"]
[WhiteFideId "34110981"]
[BlackFideId "4131002"]
[WhiteElo "2172"]
[BlackElo "2523"]
[Result "1/2-1/2"]
[Round "09"]
[TimeControl "180+1"]
[Date "2021.07.13"]
[WhiteClock "0:00:08"]
[BlackClock "0:00:05"]

1. d4 Nf6 2. c4 e6 3. g3 Bb4+ 4. Bd2 a5 5. Bg2 d5 6. Nf3 dxc4 7. Qc2 b5 8. a4 Bxd2+ 9. Qxd2 b4 10. Ne5 Ra7 11. Nxc4 O-O 12. O-O c5 13. dxc5 Qc7 14. Qd6 Ba6 15. Nbd2 Rd8 16. Qb6 Nbd7 17. Qxc7 Rxc7 18. Nxa5 Nxc5 19. Ndc4 Nce4 20. Rfd1 Rxd1+ 21. Rxd1 g5 22. b3 Nc3 23. Rd8+ Kg7 24. e3 Nfd5 25. Ra8 Bxc4 26. Nxc4 Ne2+ 27. Kf1 Nc1 28. Bxd5 exd5 29. Nb6 Rc5 30. Rd8 Nxb3 31. Nxd5 Rc1+ 32. Ke2 Rc2+ 33. Ke1 Rc1+ 34. Ke2 Rc2+ 35. Kd3 Rxf2 36. Kc4 Nd2+ 37. Kxb4 Ne4 38. a5 Rb2+ 39. Ka3 Rb1 40. Ka2 Rb5 41. Rd7 Rxa5+ 42. Kb3 Nc5+ 43. Kb4 Nxd7 44. Kxa5 Ne5 45. h3 Kg6 46. Kb4 Kf5 47. Kc3 h5 48. Kd4 Nf3+ 49. Kd3 Ng1 50. h4 gxh4 51. gxh4 Kg4 52. Ke4 f5+ 53. Ke5 Nf3+ 54. Kf6 Nxh4 55. Nf4 Kf3 56. Nxh5 Kxe3 57. Kg5 Nf3+ 58. Kxf5 1/2-1/2


[Site "https://www.chess.com"]

[Event "Titled Tuesday Blitz July 13 2021"]
[White "Khusnutdinov, Rustam"]
[Black "Abdusattorov, Nodirbek"]
[WhiteFideId "13701703"]
[BlackFideId "14204118"]
[WhiteElo "2866"]
[BlackElo "2952"]
[Result "0-1"]
[Round "09"]
[TimeControl "180+1"]
[Date "2021.07.13"]
[WhiteClock "0:00:10"]
[BlackClock "0:00:21"]

1. d4 Nf6 2. c4 e6 3. Nc3 d5 4. cxd5 Nxd5 5. Nf3 c5 6. e3 cxd4 7. exd4 Nc6 8. Bd3 Bb4 9. Qc2 Ba5 10. a3 h6 11. O-O O-O 12. Bh7+ Kh8 13. Be4 Bb6 14. Rd1 Nce7 15. Ne5 Bd7 16. Qd3 Be8 17. Qh3 Ng8 18. Bd2 Bxd4 19. Ng4 f5 20. Nxh6 Nxh6 21. Bxh6 Bxf2+ 22. Kh1 Qh4 23. Qxh4 Bxh4 24. Bxd5 exd5 25. Be3 Bf6 26. Bd4 Bxd4 27. Rxd4 Bc6 28. Rad1 Rad8 29. Kg1 Rfe8 30. Kf2 Re5 31. R1d3 Kg8 32. b4 b6 33. Re3 Rxe3 34. Kxe3 Kf7 35. Kf4 Ke6 36. h4 Bb7 37. g3 Rc8 38. Rd3 Rc4+ 39. Kg5 Rg4+ 40. Kh5 Bc6 41. Re3+ Kf7 42. Ne2 d4 43. Re5 Kf6 0-1


[Site "https://www.chess.com"]

[Event "Titled Tuesday Blitz July 13 2021"]
[White "Kotepalli, Sai Nirupama"]
[Black "Torkkola, Henri"]
[WhiteFideId "5039444"]
[BlackFideId "507660"]
[WhiteElo "2450"]
[BlackElo "2137"]
[Result "1-0"]
[Round "09"]
[TimeControl "180+1"]
[Date "2021.07.13"]
[WhiteClock "0:00:55"]
[BlackClock "0:00:06"]

1. e4 d6 2. d3 e5 3. Nf3 c5 4. g3 Nc6 5. Bg2 g6 6. O-O Bg7 7. c3 Nge7 8. a3 O-O 9. b4 b5 10. Be3 cxb4 11. axb4 a5 12. bxa5 Rxa5 13. Na3 b4 14. cxb4 Nxb4 15. Bd2 Nec6 16. Qb3 Qb6 17. Nc4 Be6 18. Nxb6 Bxb3 19. Rxa5 Nxa5 20. Bxb4 Nc6 21. Ba3 Rb8 22. Nc4 Bxc4 23. dxc4 Bf8 24. Rd1 Na5 25. Bf1 Rb3 26. Rd3 Rb1 27. Nd2 Rd1 28. Bxd6 Bh6 29. Nf3 Rc1 30. c5 Nc6 31. Nxe5 Nb4 32. Rb3 Na2 33. Rb8+ Kg7 34. Bf8+ Kf6 35. Bxh6 Rd1 36. Ng4+ Ke7 37. c6 Nc3 38. c7 Ne2+ 39. Kg2 1-0


[Site "https://www.chess.com"]

[Event "Titled Tuesday Blitz July 13 2021"]
[White "Kretov, Evgenij"]
[Black "Pastar, Slaven"]
[WhiteFideId "4167821"]
[BlackFideId "14402718"]
[WhiteElo "2400"]
[BlackElo "2150"]
[Result "1/2-1/2"]
[Round "09"]
[TimeControl "180+1"]
[Date "2021.07.13"]
[WhiteClock "0:00:20"]
[BlackClock "0:00:12"]

1. d4 b6 2. c4 Bb7 3. Nc3 f5 4. e3 Nf6 5. f3 g6 6. Bd3 Bg7 7. Nge2 O-O 8. O-O d6 9. e4 fxe4 10. fxe4 e5 11. d5 Na6 12. Ng3 Nc5 13. Bc2 a5 14. Be3 Bc8 15. h3 Bd7 16. Qe2 Qe7 17. Rf3 Rae8 18. Raf1 h6 19. Qd2 Kh7 20. b3 Ng8 21. Rxf8 Rxf8 22. a3 Qh4 23. Rxf8 Bxf8 24. Bf2 Qf4 25. Nf1 h5 26. Qe1 Bh6 27. b4 Nb7 28. Ne2 Qf7 29. Qc3 Nf6 30. c5 axb4 31. axb4 bxc5 32. bxc5 Nxc5 33. Bxc5 dxc5 34. Qxe5 Bb5 35. Nf4 Bxf1 36. Kxf1 Nd7 37. Qxc7 Qxf4+ 38. Qxf4 Bxf4 39. Ke2 h4 40. Kd3 Ne5+ 41. Kc3 Kg7 42. Kb3 Kf7 43. Ka4 Ke7 44. Kb5 c4 45. Kc5 Be3+ 46. Kb4 Kd6 47. Bd1 Bd2+ 48. Kb5 c3 49. Bc2 g5 50. Kb4 Be3 51. Kxc3 Kc5 52. Bb3 Bd4+ 53. Kd2 Ba1 54. Ke3 Bb2 55. Ba2 Bc1+ 56. Ke2 Kd4 57. Bb1 Ba3 58. Bc2 Bd6 59. Bb1 Nd7 60. Kf3 Ne5+ 61. Ke2 Kc3 62. Ba2 Kb2 63. g3 Kc1 64. gxh4 gxh4 65. Bb3 Kb2 66. Ba4 Kc3 67. Ke3 Bc5+ 68. Kf4 Bd6 69. Kf5 Kd4 70. Ke6 Bb8 71. d6 Kxe4 72. d7 Bc7 73. Ke7 Kf4 74. d8=Q Bxd8+ 75. Kxd8 Kg3 76. Ke7 Kxh3 77. Kf6 Nf3 78. Bd7+ Kg3 79. Be6 Nh2 80. Ke5 Ng4+ 81. Kd4 h3 82. Bd5 h2 83. Kd3 Kf2 84. Kd4 Kg3 85. Kd3 Kf2 86. Kd2 Ne5 87. Bh1 Nf3+ 88. Kd3 Kg1 89. Ke2 Kxh1 90. Kf1 Nd2+ 91. Kf2 Ne4+ 92. Kf1 Nf6 93. Kf2 Ng4+ 94. Kf1 Nh6 95. Kf2 Nf7 96. Kf1 Nd8 97. Kf2 Nb7 98. Kf1 Na5 99. Kf2 Nb3 100. Kf1 Nd2+ 101. Kf2 Nf3 102. Kf1 Ng1 103. Kf2 Nh3+ 104. Kf1 Ng5 105. Kf2 Ne4+ 106. Kf1 Nf2 107. Kxf2 1/2-1/2


[Site "https://www.chess.com"]

[Event "Titled Tuesday Blitz July 13 2021"]
[White "Krivonosov, Oleg"]
[Black "Gurevich, Dmitry"]
[WhiteFideId "11600349"]
[BlackFideId "2000407"]
[WhiteElo "2469"]
[BlackElo "2506"]
[Result "0-1"]
[Round "09"]
[TimeControl "180+1"]
[Date "2021.07.13"]
[WhiteClock "0:00:07"]
[BlackClock "0:00:25"]

1. Nf3 Nf6 2. c4 e6 3. g3 d5 4. d4 Be7 5. Bg2 O-O 6. O-O c6 7. Qc2 b6 8. Rd1 Na6 9. Nc3 Bb7 10. b3 Rc8 11. e4 Qe8 12. Bb2 c5 13. exd5 exd5 14. dxc5 dxc4 15. Re1 Nxc5 16. bxc4 Ne6 17. Qf5 Rxc4 18. Rxe6 fxe6 19. Qxe6+ Qf7 20. Qxf7+ Rxf7 21. Ne5 Bxg2 22. Kxg2 Rb4 23. Ba3 Rd4 24. Bxe7 Rxe7 25. Nc6 Red7 26. Nxd4 Rxd4 27. a4 Rd2 28. Rd1 Rxd1 29. Nxd1 Kf7 30. Nc3 Ke6 31. Kf3 a6 32. Ke3 Nd5+ 33. Kd4 Nxc3 34. Kxc3 Kd5 35. f3 b5 36. axb5 axb5 37. h4 Kc5 38. g4 b4+ 39. Kd3 Kd5 40. f4 b3 41. f5 Ke5 42. h5 h6 43. g5 hxg5 0-1


[Site "https://www.chess.com"]

[Event "Titled Tuesday Blitz July 13 2021"]
[White "Kukhmazov, Arsen"]
[Black "Alavkin, Arseny"]
[WhiteFideId "24108260"]
[BlackFideId "4120612"]
[WhiteElo "2453"]
[BlackElo "2401"]
[Result "1-0"]
[Round "09"]
[TimeControl "180+1"]
[Date "2021.07.13"]
[WhiteClock "0:00:05"]
[BlackClock "0:00:28"]

1. d4 Nf6 2. c4 g6 3. g3 Bg7 4. Bg2 O-O 5. Nc3 d6 6. Nf3 Nc6 7. O-O Bf5 8. d5 Na5 9. Nd2 c6 10. b4 Nxc4 11. Nxc4 Nxd5 12. Nxd5 Bxa1 13. Bh6 Bg7 14. Bxg7 Kxg7 15. Nde3 Be6 16. Na5 Qd7 17. f4 f6 18. a4 Bf7 19. f5 d5 20. Qd4 b6 21. Nb3 Rac8 22. a5 Qd6 23. axb6 axb6 24. Rc1 Qe5 25. b5 Qxd4 26. Nxd4 c5 27. Nc6 d4 28. Nd5 Bxd5 29. Bxd5 Rc7 30. g4 h5 31. h3 hxg4 32. hxg4 Ra8 33. Nxd4 Ra1 34. Ne6+ Kh6 35. Rxa1 1-0


[Site "https://www.chess.com"]

[Event "Titled Tuesday Blitz July 13 2021"]
[White "Le, Tuan Minh"]
[Black "Arabidze, Meri"]
[WhiteFideId "12401153"]
[BlackFideId "13604040"]
[WhiteElo "2928"]
[BlackElo "2720"]
[Result "1-0"]
[Round "09"]
[TimeControl "180+1"]
[Date "2021.07.13"]
[WhiteClock "0:00:52"]
[BlackClock "0:00:07"]

1. d4 d5 2. Nf3 Nf6 3. Bf4 e6 4. e3 Bd6 5. Nbd2 c5 6. c3 Nc6 7. Bg3 O-O 8. Bb5 a6 9. Bxc6 bxc6 10. Qa4 cxd4 11. cxd4 a5 12. O-O Ba6 13. Rfc1 Bb5 14. Qc2 a4 15. Bxd6 Qxd6 16. Ne5 Rfc8 17. Qc5 Qd8 18. Rc2 Ne8 19. Rac1 f6 20. Nef3 Nd6 21. h3 Rab8 22. b3 axb3 23. axb3 Ra8 24. Qb4 Qd7 25. Qc3 Qe7 26. Ne1 e5 27. Nd3 e4 28. Nc5 f5 29. Ra1 Qe8 30. Rca2 Rxa2 31. Rxa2 Ra8 32. Qa1 Rxa2 33. Qxa2 h6 34. Nf1 Qf7 35. Qa8+ Kh7 36. Qb8 Qe7 37. Ng3 g5 38. Nh5 f4 39. Nd7 Kg6 40. Ndf6 Kf5 41. g4+ fxg3 42. fxg3 Be2 43. g4+ Ke6 44. Qg8+ Nf7 45. Qg6 Kd6 46. Ng3 Bf3 47. Nf5+ 1-0


[Site "https://www.chess.com"]

[Event "Titled Tuesday Blitz July 13 2021"]
[White "Madaminov, Mukhiddin"]
[Black "Quparadze, Giga"]
[WhiteFideId "14210703"]
[BlackFideId "13602250"]
[WhiteElo "2619"]
[BlackElo "2966"]
[Result "0-1"]
[Round "09"]
[TimeControl "180+1"]
[Date "2021.07.13"]
[WhiteClock "0:00:00"]
[BlackClock "0:00:06"]

1. e4 c5 2. Nf3 e6 3. d4 cxd4 4. Nxd4 a6 5. c4 Nf6 6. Nc3 Bb4 7. e5 Ne4 8. Qf3 Nxc3 9. bxc3 Be7 10. Qg3 Bf8 11. Bd3 d6 12. exd6 Qxd6 13. Bf4 Qa3 14. O-O Nc6 15. Nxc6 bxc6 16. Be4 Bd7 17. Rad1 Rc8 18. h4 Qa4 19. Qd3 c5 20. Bb7 Be7 21. Bxc8 Bxc8 22. Bd6 Bxh4 23. Bxc5 Qc6 24. Ba3 Bb7 25. Qh3 Bf6 26. Rb1 h5 27. Rfd1 Be5 28. c5 Bc7 29. Rd4 O-O 30. Rxb7 Qxb7 31. Qxh5 Qb1+ 32. Qd1 Qxa2 33. Bc1 Be5 34. Re4 Bxc3 35. c6 Ba5 36. Bf4 Qb2 37. c7 Qc3 38. Qd7 Qc2 39. Re3 Bd2 40. Re4 Qc1+ 41. Kh2 Bxf4+ 42. g3 Bxc7 43. Rg4 Bxg3+ 44. Rxg3 Qf4 45. Qd3 Qxf2+ 46. Rg2 Qf6 47. Kh1 Qh6+ 48. Kg1 Qc1+ 49. Kh2 Qf4+ 50. Kg1 Rc8 51. Rxg7+ Kxg7 0-1


[Site "https://www.chess.com"]

[Event "Titled Tuesday Blitz July 13 2021"]
[White "Maevsky, Nikolay"]
[Black "Yeletsky, Ivan"]
[WhiteFideId "4198220"]
[BlackFideId "24180327"]
[WhiteElo "2213"]
[BlackElo "2344"]
[Result "1/2-1/2"]
[Round "09"]
[TimeControl "180+1"]
[Date "2021.07.13"]
[WhiteClock "0:00:10"]
[BlackClock "0:00:19"]

1. d4 Nf6 2. Nf3 e6 3. e3 b6 4. Bd3 Bb7 5. Nbd2 c5 6. b3 cxd4 7. exd4 Nc6 8. Bb2 Nb4 9. Be2 Rc8 10. c4 d5 11. O-O g6 12. Ne5 Bg7 13. Ba3 a5 14. Bb2 O-O 15. a3 Nc6 16. Nxc6 Bxc6 17. Nf3 a4 18. cxd5 Nxd5 19. bxa4 Nf4 20. Bb5 Be4 21. Bc1 Nd5 22. Bd2 Nc7 23. Bb4 Nxb5 24. axb5 Re8 25. Ne5 Qg5 26. f3 Rc2 27. Rf2 Rxf2 28. Kxf2 Bd5 29. Qd2 Qh4+ 30. Kg1 Rc8 31. Rc1 Rxc1+ 32. Qxc1 Qxd4+ 33. Kh1 Bxe5 34. Qc8+ Kg7 35. Qf8+ Kf6 36. Be7+ Kf5 37. Qxf7+ Bf6 38. g4+ Kf4 39. Qxf6+ Qxf6 40. Bxf6 Bxf3+ 41. Kg1 Be2 42. Bd4 Bxb5 43. Bxb6 Kxg4 44. Bc7 Kf3 45. Bd6 g5 46. Be7 g4 47. Bd6 h5 48. Bc7 h4 49. Bd8 h3 50. Bc7 Ke4 51. Kf2 e5 52. Bb6 Kd3 53. Bc5 e4 54. Bb6 Bd7 55. Bc5 Bc6 56. Bb6 Bd7 57. Bc5 g3+ 58. Kxg3 e3 59. Bxe3 Kxe3 60. a4 Kd4 61. a5 Kc5 62. Kf2 Kb5 63. Kg3 Kxa5 64. Kf2 Kb5 65. Kg1 Kc5 66. Kh1 Kd5 67. Kg1 Ke5 68. Kh1 Ke4 69. Kg1 Ke3 70. Kh1 Bc6+ 71. Kg1 1/2-1/2


[Site "https://www.chess.com"]

[Event "Titled Tuesday Blitz July 13 2021"]
[White "Makhmudov, Shukhrat"]
[Black "Primbetov, Kazbek"]
[WhiteFideId "14200775"]
[BlackFideId "13702297"]
[WhiteElo "2135"]
[BlackElo "2184"]
[Result "0-1"]
[Round "09"]
[TimeControl "180+1"]
[Date "2021.07.13"]
[WhiteClock "0:00:45"]
[BlackClock "0:00:17"]

1. e4 e6 2. Nf3 d5 3. e5 c5 4. b4 b6 5. a3 cxb4 6. d4 a5 7. axb4 Bxb4+ 8. c3 Be7 9. Bd3 Ba6 10. h4 h5 11. Ng5 Bxd3 12. Qxd3 Nh6 13. Na3 Nf5 14. Nb5 Nc6 15. Rh3 g6 16. Ba3 Bxa3 17. Rxa3 Na7 18. Rb3 O-O 19. g4 hxg4 20. Rh1 a4 21. Rb1 Nxb5 22. Qxb5 Nxh4 23. f4 gxf3 24. Nh3 a3 25. Kf2 a2 26. Rbg1 Kg7 27. Nf4 Rh8 28. Qb2 Nf5 29. Kxf3 Rxh1 30. Rxh1 a1=Q 31. Rxa1 Rxa1 32. Qxa1 Qh4 33. Qg1 b5 34. Qg4 Qxg4+ 35. Kxg4 Ne3+ 36. Kf3 Nc4 37. Nd3 f6 38. exf6+ Kxf6 39. Kf4 g5+ 40. Kg4 Ne3+ 41. Kf3 Nd1 42. Ne5 Nxc3 43. Ng4+ Kf5 44. Nh6+ Kg6 45. Ng4 b4 46. Ke3 Nb5 47. Kd3 Kf5 48. Ne3+ Kf4 49. Ng2+ Kf3 50. Ne1+ Kf2 51. Nc2 g4 52. Nxb4 g3 53. Kd2 g2 54. Nd3+ Kf1 55. Nf4 g1=Q 56. Nxe6 Nxd4 57. Nf4 Qf2+ 58. Kd3 Qxf4 59. Kc3 Nb5+ 0-1


[Site "https://www.chess.com"]

[Event "Titled Tuesday Blitz July 13 2021"]
[White "Maksimovic, Bojan"]
[Black "Lazavik, Denis"]
[WhiteFideId "14408120"]
[BlackFideId "13515110"]
[WhiteElo "2683"]
[BlackElo "2828"]
[Result "0-1"]
[Round "09"]
[TimeControl "180+1"]
[Date "2021.07.13"]
[WhiteClock "0:00:07"]
[BlackClock "0:00:05"]

1. e4 e5 2. Nf3 Nc6 3. Bb5 Nf6 4. O-O Nxe4 5. Re1 Nd6 6. Nxe5 Be7 7. Bf1 Nxe5 8. Rxe5 O-O 9. d4 Bf6 10. Re1 Re8 11. Rxe8+ Nxe8 12. d5 d6 13. Qd3 g6 14. Nd2 Bf5 15. Qb3 Rb8 16. Nf3 c5 17. Bf4 b5 18. c3 Nc7 19. Re1 a5 20. Qd1 Qd7 21. h3 h5 22. Bg5 Bxg5 23. Nxg5 Re8 24. Rxe8+ Nxe8 25. f3 Qe7 26. Qd2 Nc7 27. g4 hxg4 28. hxg4 Bd7 29. Ne4 Qe5 30. Bg2 Kg7 31. g5 Nxd5 32. f4 Nxf4 33. Qxd6 Qxd6 34. Nxd6 Nxg2 35. Kxg2 Bc6+ 36. Kg3 Kf8 37. Kf4 Ke7 38. Ke5 b4 39. c4 a4 40. b3 a3 41. Nc8+ Kd7 42. Nd6 Bf3 43. Nxf7 Bd1 44. Kd5 Bxb3 45. Kxc5 Bxa2 46. Kxb4 Bxc4 47. Ne5+ Ke6 48. Nxg6 a2 49. Nf4+ Kf5 50. Kxc4 a1=Q 51. Nd3 Qa6+ 52. Kd4 Kxg5 53. Nc5 Qd6+ 54. Kc4 Qc6 55. Kd4 Kf5 56. Nd3 Qd6+ 57. Kc4 Ke4 58. Nc5+ Ke3 59. Kb5 Qd5 60. Kb4 Qc6 61. Kc4 Kd2 62. Kd4 Qd6+ 63. Kc4 Kc2 64. Ne4 Qf4 65. Kd4 Kb3 66. Kd5 Kb4 67. Kd4 Qf5 68. Nd2 Qd7+ 69. Ke3 Kc3 70. Ne4+ Kc2 71. Nc5 Qe7+ 72. Kd4 Qd6+ 73. Kc4 Qf4+ 74. Kd5 Kc3 75. Ne4+ Kb4 76. Kd4 Kb5 77. Kd5 Kb6 78. Kd4 Kc6 79. Kd3 Kd5 80. Nc3+ Ke5 81. Ne2 Qf3+ 82. Kd2 Kd5 83. Nc3+ Kc4 84. Ne2 Qf2 85. Kd1 Kd3 86. Nc1+ Ke3 87. Nb3 Qb2 88. Nd4 Qd2# 0-1


[Site "https://www.chess.com"]